 Dungeon Crawl Stone Soup version 0.28.0 (webtiles) character file.

Game seed: 8515772698400826351

151 fiver49 the Magician (level 5, -2/35 HPs)
             Began as a Djinni Summoner on Feb 6, 2022.
             Slain by Pikel (11 damage)
             ... on level 4 of the Dungeon on Feb 7, 2022.
             The game lasted 00:10:50 (4418 turns).

fiver49 the Magician (Djinni Summoner)              Turns: 4418, Time: 00:10:51

Health: -2/35      AC:  2    Str:  7    XL:     5   Next: 60%
Gold:   158        EV: 12    Int: 19    God:
                   SH:  0    Dex: 13

rFire   + + +      SeeInvis .   q - +2 mace (holy)
rCold   . . .      Faith    .   (no shield)
rNeg    . . .      Spirit   .   a - +0 robe
rPois   ∞          Reflect  .   m - +0 helmet
rElec   .          Harm     .   f - scarf {rC+ rF+}
rCorr   .          Rampage  .   (no gloves)
Will    .....                   (boots unavailable)
Stlth   ++........              (no amulet)
HPRegen 0.11/turn               (no ring)
MPRegen 0.00/turn               (no ring)

@: flying
A: sickness immunity, fire resistance 2, cold vulnerability 1, float, innate
caster, HP casting, extra vitality 1, deformed body, evolution 1
a: no special abilities


You were on level 4 of the Dungeon.
You visited 1 branch of the dungeon, and saw 4 of its levels.

You collected 158 gold pieces.

Inventory:

Hand Weapons
 b - a +0 dagger
   (You took it off a goblin on level 1 of the Dungeon)
 q - a +2 mace of holy wrath (weapon)
   (You took it off an orc on level 3 of the Dungeon)
 r - the +5 mace of Misery {antimagic, rN+ Dex+4}
   (You found it on level 3 of the Dungeon)

   It reduces the magical energy of the wielder, and disrupts the spells and
   magical abilities of those it strikes.
   Natural abilities and divine invocations are not affected.
   Dex:       It affects your dexterity (+4).
   rN:        It protects you from negative energy.
Missiles
 d - 8 javelins
 h - 18 poisoned darts (quivered)
Armour
 a - a +0 robe (worn)
 f - a scarf of resistance (worn)
   (You found it on level 1 of the Dungeon)
 m - a +0 helmet (worn)
   (You found it on level 2 of the Dungeon)
Magical Staves
 l - a staff of earth
   (You found it on level 2 of the Dungeon)
Wands
 n - a wand of polymorph (7)
   (You found it on level 3 of the Dungeon)
Scrolls
 e - a scroll of fear {unknown}
 k - a scroll of immolation {unknown}
 o - a scroll of blinking {unknown}
 p - a scroll of identify {unknown}
Potions
 c - a potion of mutation
 g - a potion of heal wounds {unknown}
 i - 2 potions of curing {unknown}
 j - a potion of degeneration {unknown}
 s - a potion of lignification {unknown}


   Skills:
 - Level 3.0 Dodging
 - Level 3.0 Stealth
 + Level 4.3 Spellcasting


You couldn't memorise any spells.
You knew the following spells:

 Your Spells              Type           Power      Damage    Failure   Level
a - Summon Small Mammal   Summ           80%        N/A       2%          1
b - Call Imp              Summ           20%        N/A       3%          2
c - Call Canine Familiar  Summ           20%        N/A       7%          3
d - Summon Guardian Gole  Hex/Summ       20%        N/A       7%          3
e - Summon Lightning Spi  Summ/Air       20%        N/A       22%         4
f - Pain                  Necr           80%        1d8       2%          1
g - Poisonous Vapours     Pois/Air       40%        N/A       3%          2
Your spell library was empty.

Dungeon Overview and Level Annotations

Branches:
Dungeon (4/15)
 Temple: D:4-7

Altars:

Annotations:
D:4 exclusion: lemure, Pikel


Innate Abilities, Weirdness & Mutations

You are immune to sickness and miasma.
You are immune to poison.
Your flesh is very heat resistant. (rF++)
You are vulnerable to cold. (rC-)
You float through the air rather than walking.
You learn spells naturally, not from books.
Your magical power is your life essence.
You have superior vitality. (+4 MHP)
Armour fits poorly on your strangely shaped body.
You have hidden genetic potential.


Message History

Pikel and a lemure come into view.
Pikel is wielding a +0 whip of flaming.
Placed new exclusion.
Press: ? - help, v - describe, . - travel
Here: a lemure (asleep)
The floor.
Placed new exclusion.
There is a stone staircase leading down here.
A ball python comes into view.
Found 11 stones.
Found 14 gold pieces.
The helpless ball python fails to defend itself.
You sock the ball python!
You kill the ball python!
You now have 158 gold pieces (gained 14).
A howler monkey zombie comes into view.
Casting: Summon Small Mammal (safe; 2% risk of failure)
Confirm with . or Enter, or press ? or * to list all spells.
A beastly little devil appears in a puff of frigid air.
A lemure comes into view.
The lemure shouts!
You hear a shout!
The howler monkey zombie hits you but does no damage.
You hear a shout!
Pikel shouts!
You hit the howler monkey zombie.
The howler monkey zombie convulses.
The howler monkey zombie is moderately damaged.
Your white imp hits the howler monkey zombie.
Your white imp freezes the howler monkey zombie.
The howler monkey zombie completely resists.
The howler monkey zombie hits you.
A lemure comes into view.
Your white imp barely misses the howler monkey zombie.
Casting: Call Imp (safe; 3% risk of failure)
Confirm with . or Enter, or press ? or * to list all spells.
The lemure shouts!
The howler monkey zombie hits you but does no damage.
Your white imp gestures at the howler monkey zombie.
The puff of frost hits the howler monkey zombie.
The howler monkey zombie resists.
A lemure comes into view.
Pikel drinks a potion.
Pikel seems to speed up.
Your white imp barely misses the howler monkey zombie.
Your hound bites the howler monkey zombie.
The howler monkey zombie closely misses your hound.
Your white imp hits the howler monkey zombie.
Your white imp freezes the howler monkey zombie.
The howler monkey zombie resists.
Your hound bites the howler monkey zombie.
Your hound bites the howler monkey zombie.
The howler monkey zombie hits your hound.
Your white imp hits the howler monkey zombie.
The howler monkey zombie is destroyed!
Your hound bites the lemure.
Your hound bites the lemure.
Your white imp barely misses the lemure.
Something misses your white imp.
Your hound barely misses Pikel.
Your hound barely misses Pikel.
Something closely misses your white imp.
Something hits your white imp.
Your hound bites the lemure.
Your hound bites the lemure but does no damage.
Press: ? - help, v - describe, . - travel
Here: Pikel, wielding a +0 whip of flaming and wearing a +0 robe (fast)
The floor.
Casting: Call Canine Familiar (dangerous; 7% risk of failure)
Confirm with . or Enter, or press ? or * to list all spells.
Okay, then.
Casting: Call Canine Familiar (dangerous; 7% risk of failure)
Confirm with . or Enter, or press ? or * to list all spells.
Aiming: Poisonous Vapours (safe; 3% risk of failure)
Press: ? - help, Dir - move target, f - Pikel
Aim: Pikel, wielding a +0 whip of flaming and wearing a +0 robe (fast) Poisonous vapours surround Pikel!
Pikel is poisoned.
Pikel hits you with a +0 whip of flaming.
Your hound closely misses the lemure.
Your white imp hits the lemure but does no damage.
The lemure completely misses your white imp.
The lemure hits your hound.
Casting: Poisonous Vapours (safe; 3% risk of failure)
Confirm with . or Enter, or press ? or * to list all spells.
Aiming: Poisonous Vapours (safe; 3% risk of failure)
Press: ? - help, Dir - move target, f/p - Pikel
Aim: Pikel, wielding a +0 whip of flaming and wearing a +0 robe (lightly wounded, fast, poisoned) Poisonous vapours surround Pikel!
Pikel looks even sicker.
Pikel misses you.
Your hound closely misses the lemure.
Your white imp gestures at the lemure.
The puff of frost hits the lemure.
The lemure hits your white imp.
Your hound bites the lemure.
The lemure hits your hound!
Pikel hits you with a +0 whip of flaming!
* * * LOW HITPOINT WARNING * * *
Aiming: Polymorph
Press: ? - help, Shift-Dir - straight line, f/p - Pikel
Aim: Pikel, wielding a +0 whip of flaming and wearing a +0 robe (lightly wounded, fast, very poisoned, will become an unseen horror, a cane toad, or a hornet, chance to affect: 49%)
Okay, then.
Okay, then.
It was a potion of mutation.
You feel extremely strange.
Your body twists and deforms.
You feel a hidden potential growing inside you.
Pikel hits you with a +0 whip of flaming!
You die...

#.....# ...5..... #.######
#.....#.....)..... #.#.....
#.....#........... #.#.####
#.....#.5......... #.#....<
#####........... .$...
#.###### ...........K5..
...##....... .............#
#..#.######
........55######### #.#.#
###......h5..K@...# #...#
#######....5.......##..######
#####............+.........
#...#............###.######
###...#.........##.###.######
................# #..>......
................##.#.#.#####.
................##.#.#.#
........##########.#.#.#


You could see Pikel (fast, very poisoned), 3 lemures, a friendly hound
(summoned) and a friendly white imp (summoned).

Vanquished Creatures
  A centaur skeleton (D:4)
  A worm (D:2)
  An orc (D:3)
  3 ball pythons
  4 bats
  2 endoplasms
  A giant cockroach (D:2)
  5 goblins
  3 hobgoblins
  5 jackals
  2 frilled lizards
  2 kobolds
  2 rats (D:3)
32 creatures vanquished.

Vanquished Creatures (collateral kills)
  An orc wizard (D:3)
  A howler monkey zombie (D:4)
  A gnoll (D:1)
  2 worms
  A dart slug (D:2)
  3 orcs (D:3)
  An endoplasm (D:3)
  A giant cockroach (D:3)
  2 goblins
  3 hobgoblins
  4 jackals
  A ball python (D:3)
  2 bats
  2 frilled lizards
  3 kobolds
  2 rats
30 creatures vanquished.

Grand Total: 62 creatures vanquished

Notes
Turn   | Place    | Note
-------+----------+-------------------------------------------
     0 | D:1      | fiver49 the Djinni Summoner began the quest for the Orb.
     0 | D:1      | Reached XP level 1. HP: 15/15 MP: 0/0
   412 | D:1      | Reached XP level 2. HP: 21/21 MP: 0/0
   811 | D:1      | HP: 3/21 [gnoll (11)]
   854 | D:1      | Reached skill level 2 in Stealth
   854 | D:1      | Reached XP level 3. HP: 3/25 MP: 0/0
   854 | D:1      | Learned a level 1 spell: Pain
  1483 | D:2      | Found a faded altar of an unknown god.
  1497 | D:2      | HP: 6/25 [hobgoblin (4)]
  1513 | D:2      | HP: 4/25 [hobgoblin (1)]
  2172 | D:2      | Reached skill level 3 in Dodging
  2576 | D:2      | Reached XP level 4. HP: 29/31 MP: 0/0
  3507 | D:3      | Reached skill level 3 in Stealth
  3507 | D:3      | Reached XP level 5. HP: 15/35 MP: 0/0
  3507 | D:3      | Learned a level 2 spell: Poisonous Vapours
  3800 | D:3      | Reached skill level 4 in Spellcasting
  3926 | D:3      | Identified the +5 mace of Misery {antimagic, rN+ Dex+4}
  4353 | D:4      | Noticed Pikel
  4353 | D:4      | Noticed a lemure
  4403 | D:4      | Noticed a lemure
  4406 | D:4      | Noticed a lemure
  4408 | D:4      | Noticed a lemure
  4418 | D:4      | Gained mutation: Armour fits poorly on your strangely
                  | shaped body. [potion of mutation]
  4418 | D:4      | Gained mutation: You have hidden genetic potential. [potion
                  | of mutation]
  4418 | D:4      | Slain by Pikel

Illustrated notes

Levels and vault maps discovered:
D:1:      dpeg_arrival_rooms_with_view, layout_basic
D:2:      layout_basic, nicolae_ecumenical_pavilion
D:3:      layout_basic, amcnicky_mini_corridor_feature
D:4:      gammafunk_steamed_eel, layout_basic, uniq_pikel

Skill      XL: |  1  2  3  4  5 |
---------------+----------------+-----
Stealth        | 2 3 |  3.0
Dodging        | 3 |  3.0
Spellcasting   | 4 |  4.3

Action                   |  1- 3 |  4- 6 || total
-------------------------+-------+-------++-------
Melee: Unarmed           |     6 |       ||     6
       Dagger            |    44 |    27 ||    71
       Punch             |       |     1 ||     1
       Mace              |       |    14 ||    14
Throw: Javelin           |     1 |       ||     1
 Cast: Summon Small Mamm |    13 |     9 ||    22
       Call Imp          |    17 |    13 ||    30
       Pain              |    13 |    10 ||    23
       Call Canine Famil |       |     2 ||     2
       Poisonous Vapours |       |     3 ||     3
  Use: Potion            |       |     1 ||     1
 Stab: Sleeping          |     2 |     1 ||     3
Armor: Robe              |    13 |    17 ||    30
Dodge: Dodged            |    37 |    41 ||    78

Table legend: (Time is in decaauts)
 A = Elapsed time spent in this place.
 B = Non-inter-level travel time spent in this place.
 C = Inter-level travel time spent in this place.
 D = Time resting spent in this place.
 E = Time spent auto-exploring this place.
 F = Levels seen in this place.
 G = Mean time per level.
                   A        B        C        D        E       F      G
               +--------+--------+--------+--------+--------+-----+--------+
         Total |   4424 |   4305 |    119 |    190 |   3491 |   4 | 1106.0 |
       Dungeon |   4424 |   4305 |    119 |    190 |   3491 |   4 | 1106.0 |
               +--------+--------+--------+--------+--------+-----+--------+

Top non-repeatable levels by time:
     D:1: 1826 daAuts
     D:3: 1363 daAuts
     D:2: 1096 daAuts
     D:4: 137 daAuts

Table legend:
 A = Kills in this place as a percentage of kills in entire the game.
 B = Kills by you in this place as a percentage of kills by you in the entire game.
 C = Kills by friends in this place as a percentage of kills by friends in the entire game.
 D = Other kills in this place as a percentage of other kills in the entire game.
 E = Experience gained in this place as a percentage of experience gained in the entire game.
 F = Experience gained in this place divided by the number of levels of this place that you have seen.
                   A       B       C       D       E      F
               +-------+-------+-------+-------+-------+----------------------
         Total | 100.0 | 100.0 | 100.0 |   N/A | 100.0 |  54.2
       Dungeon | 100.0 | 100.0 | 100.0 |   N/A | 100.0 |  54.2
               +-------+-------+-------+-------+-------+----------------------
